 Dungeon Crawl Stone Soup version 0.26-a0-670-g578ab304f5 (webtiles) character file.

Game seed: 17408373164195884500

(classic levelgen) 70 EnegeticOcto the Digger (level 4, -2/27 HPs)
             Began as a Halfling Earth Elementalist on Oct 19, 2020.
             Was a Follower of Zin.
             Splashed by Ijyb's acid (11 damage)
             ... on level 3 of the Dungeon.
             The game lasted 00:04:29 (689 turns).

EnegeticOcto the Digger (HaEE)                       Turns: 689, Time: 00:04:29

Health: -2/27      AC:  4    Str:  9    XL:     4   Next: 45%
Magic:  3/6        EV: 15    Int: 14    God:    Zin [*.....]
Gold:   72         SH:  0    Dex: 14    Spells: 5/6 levels left

rFire    . . .     SeeInvis .   q - +0 spear
rCold    . . .     Faith    .   (shield restricted)
rNeg     . . .     Spirit   .   c - +0 robe
rPois    .         Reflect  .   (no helmet)
rElec    .         Harm     .   s - +1 cloak
rCorr    .         Rampage  .   (no gloves)
MR       .....                  (no boots)
Stlth    ++........             (no amulet)
HPRegen  0.09/turn              r - +4 ring of slaying
MPRegen  0.10/turn              (no ring)

@: no status effects
A: small, mutation resistance 1
a: Recite, Donate Gold, Renounce Religion


You were on level 3 of the Dungeon.
You worshipped Zin.
Zin was aware of your devotion.
You visited 1 branch of the dungeon, and saw 3 of its levels.

You collected 79 gold pieces.
You donated 7 gold pieces to Zin.

Inventory:

Hand Weapons
 d - a +0 whip
 q - a +0 spear (weapon)
Missiles
 b - 33 stones (quivered)
 f - 8 bolts
Armour
 c - a +0 robe (worn)
 s - a +1 cloak (worn)
Jewellery
 r - a +4 ring of slaying (left hand)
Scrolls
 e - 2 scrolls of identify {unknown}
 h - 2 scrolls of teleportation {unknown}
 j - 2 scrolls of remove curse {unknown}
 m - 3 scrolls of magic mapping {unknown}
 o - a scroll of amnesia {unknown}
 p - a scroll of enchant armour {unknown}
Potions
 a - a potion of magic {unknown}
 g - a potion of curing {unknown}
 i - a potion of mutation {unknown}
 k - 2 potions of heal wounds {unknown}
 n - a potion of resistance {unknown}
 t - a potion of stabbing {unknown}


   Skills:
 - Level 2.1 Dodging
 - Level 2.1 Stealth
 - Level 1.5 Spellcasting
   Level 0.5 Transmutations
 + Level 4.9 Earth Magic


You had 5 spell levels left.
You knew the following spells:

 Your Spells              Type           Power        Failure   Level
a - Sandblast             Erth           ###...       3%          1

Your spell library contained the following spells:

 Spells                   Type           Power        Failure   Level
 Passwall                 Tmut/Erth      #.......     12%         2
 Stone Arrow              Conj/Erth      #.....       26%         3
 Petrify                  Tmut/Erth      #.......     63%         4
 Lee's Rapid Deconstruct  Erth           ###.......   65%         5


Dungeon Overview and Level Annotations

Branches:
Dungeon (3/15)

Altars:
Zin

Annotations:
D:3 Ijyb


Innate Abilities, Weirdness & Mutations

You are small and have problems with some larger weapons.
You are somewhat resistant to further mutation.


Message History

Found a robe.
t - a bubbling amethyst potion
There is a faded altar of an unknown god here.
You cannot tell which god this altar belongs to.
Convert to them anyway?
Zin accepts your prayer! Zin welcomes you!
You pay a tithe of 7 gold.
You can now donate money to Zin.
You can now recite Zin's Axioms of Law.
Found a scroll labeled IHO GIAZUE.
Found a stone staircase leading down.
m - 3 scrolls labeled IHO GIAZUE (gained 1) Ijyb the Twisted Goblin comes into view.
She is wielding a -3 club and carrying a wand of acid (10).
There is a stone staircase leading down here.
Throwing (i - inventory. (/) - cycle)
l - 5 atropa-tipped darts (quivered)
Press: ? - help, Shift-Dir - straight line, f - Ijyb
Aim: Ijyb, wielding a -3 club, wearing a cursed +0 ring mail and carrying a wand of acid (10) (asleep, chance to blind on hit: 80%)
You throw an atropa-tipped dart. The atropa-tipped dart hits Ijyb.
Ijyb appears confused.
Ijyb seems less confused.
An adder comes into view.
Throwing (i - inventory. (/) - cycle)
l - 4 atropa-tipped darts (quivered)
Press: ? - help, Shift-Dir - straight line, f/p - Ijyb
Aim: Ijyb, wielding a -3 club, wearing a cursed +0 ring mail and carrying a wand of acid (10) (wandering, blind, hasn't noticed you, chance to blind on hit: 83%)
You throw an atropa-tipped dart.
The atropa-tipped dart closely misses Ijyb.
Ijyb screams, "Me stronger than you!"
Throwing (i - inventory. (/) - cycle)
l - 3 atropa-tipped darts (quivered)
Press: ? - help, Shift-Dir - straight line, f/p - Ijyb
Aim: Ijyb, wielding a -3 club, wearing a cursed +0 ring mail and carrying a wand of acid (10) (chance to blind on hit: 83%)
You throw an atropa-tipped dart. The atropa-tipped dart hits Ijyb.
Ijyb appears confused.
You puncture Ijyb!
Ijyb is moderately wounded.
Ijyb seems less confused.
Ijyb zaps a wand.
The bolt of acid misses you.
Casting: Sandblast (safe; 3% risk of failure)
Confirm with . or Enter, or press ? or * to list all spells.
Aiming: Sandblast (safe; 3% risk of failure)
Press: ? - help, Shift-Dir - straight line, f/p - Ijyb
Aim: Ijyb, wielding a -3 club, wearing a cursed +0 ring mail and carrying a wand of acid (9) (moderately wounded, blind)
The blast of sand hits Ijyb.
Ijyb is heavily wounded.
b - 36 stones Ijyb misses you.
Casting: Sandblast (safe; 3% risk of failure)
Confirm with . or Enter, or press ? or * to list all spells.
Aiming: Sandblast (safe; 3% risk of failure)
Press: ? - help, Shift-Dir - straight line, f/p - Ijyb
Aim: Ijyb, wielding a -3 club, wearing a cursed +0 ring mail and carrying a wand of acid (9) (heavily wounded, blind)
The blast of sand hits Ijyb.
Ijyb is heavily wounded.
b - 35 stones Ijyb closely misses you.
Casting: Sandblast (safe; 3% risk of failure)
Confirm with . or Enter, or press ? or * to list all spells.
Aiming: Sandblast (safe; 3% risk of failure)
Press: ? - help, Shift-Dir - straight line, f/p - Ijyb
Aim: Ijyb, wielding a -3 club, wearing a cursed +0 ring mail and carrying a wand of acid (9) (heavily wounded, blind)
The blast of sand hits Ijyb but does no damage.
Ijyb is heavily wounded.
b - 34 stones Ijyb is no longer blind.
Ijyb barely misses you.
Throwing (i - inventory. (/) - cycle)
l - 2 atropa-tipped darts (quivered)
Press: ? - help, Shift-Dir - straight line, f/p - Ijyb
Aim: Ijyb, wielding a -3 club, wearing a cursed +0 ring mail and carrying a wand of acid (9) (heavily wounded, chance to blind on hit: 80%)
You throw an atropa-tipped dart. The atropa-tipped dart hits Ijyb.
Ijyb appears confused.
Ijyb is heavily wounded.
Ijyb misses you.
You barely miss Ijyb.
Ijyb is heavily wounded.
Ijyb seems less confused.
Ijyb closely misses you.
You closely miss Ijyb.
Ijyb is heavily wounded.
Ijyb closely misses you.
You hit Ijyb.
Ijyb is severely wounded.
The adder hisses angrily.
You hit Ijyb.
Ijyb is severely wounded.
Ijyb is no longer blind.
Ijyb hits you but does no damage.
Throwing (i - inventory. (/) - cycle)
l - an atropa-tipped dart (quivered)
Press: ? - help, Shift-Dir - straight line, f/p - Ijyb
Aim: Ijyb, wielding a -3 club, wearing a cursed +0 ring mail and carrying a wand of acid (9) (severely wounded, chance to blind on hit: 80%)
You throw an atropa-tipped dart. The atropa-tipped dart hits Ijyb.
Ijyb appears confused.
Ijyb is severely wounded.
The adder bites you.
Casting: Sandblast (safe; 3% risk of failure)
Confirm with . or Enter, or press ? or * to list all spells.
Aiming: Sandblast (safe; 3% risk of failure)
Press: ? - help, Shift-Dir - straight line, f/p - Ijyb
Aim: Ijyb, wielding a -3 club, wearing a cursed +0 ring mail and carrying a wand of acid (9) (severely wounded, confused, blind)
The blast of sand hits Ijyb.
Ijyb is almost dead.
b - 33 stones Ijyb seems less confused.
The adder misses you.
Ijyb zaps a wand.
The bolt of acid hits you!
Ouch! That really hurt!
You are splashed with acid!
You die...

## ##.##.#
...##.#
######.# #.#
#.# #.#
###########.#
.....(....#.#
#S@...>#
#(##.### #g
#.# #. #.# #.
#.# .. #.# ##
#.# #.#


You could see Ijyb (blind) and an adder.

Vanquished Creatures
  3 adders
  3 worms
  A dart slug (D:2)
  A leopard gecko (D:1)
  A ball python (D:2)
  2 giant cockroaches
  3 goblins
  6 hobgoblins
  4 jackals (D:1)
  A quokka (D:2)
  A bat (D:3)
  A kobold (D:1)
  5 rats
32 creatures vanquished.

Notes
Turn   | Place    | Note
-------+----------+-------------------------------------------
     0 | D:1      | EnegeticOcto the Halfling Earth Elementalist began the
                  | quest for the Orb.
     0 | D:1      | Reached XP level 1. HP: 11/11 MP: 3/3
   164 | D:2      | Reached XP level 2. HP: 16/17 MP: 2/4
   315 | D:2      | Reached skill level 4 in Earth Magic
   315 | D:2      | Reached XP level 3. HP: 21/21 MP: 2/5
   431 | D:2      | Reached XP level 4. HP: 27/27 MP: 2/6
   633 | D:3      | Found a faded altar of an unknown god.
   655 | D:3      | Became a worshipper of Zin the Law-Giver
   655 | D:3      | Reached * piety under Zin
   670 | D:3      | Noticed Ijyb
   689 | D:3      | Splashed by Ijyb's acid

Illustrated notes

Levels and vault maps discovered:
D:1:      dpeg_arrival_shelter, layout_loops_corners, st_stairs_1
D:2:      layout_rooms
D:3:      layout_loops_ring, lightli_temple_of_fire,
          chequers_ecumenical_altar_simple, item_on_display_a, uniq_ijyb

Skill      XL: |  1  2 |
---------------+-------+-----
Earth Magic    | 4 |  4.9
Dodging        | |  2.1
Stealth        | |  2.1
Spellcasting   | |  1.5
Transmutations | |  0.5

Action                   |  1- 3 |  4- 6 || total
-------------------------+-------+-------++-------
Melee: Whip              |    29 |       ||    29
       Spear             |       |    13 ||    13
Throw: Dart              |       |     5 ||     5
 Cast: Sandblast         |    26 |    14 ||    40
Armor: Robe              |     5 |     3 ||     8
Dodge: Dodged            |    26 |    12 ||    38

Table legend: (Time is in decaauts)
 A = Elapsed time spent in this place.
 B = Non-inter-level travel time spent in this place.
 C = Inter-level travel time spent in this place.
 D = Time resting spent in this place.
 E = Time spent auto-exploring this place.
 F = Levels seen in this place.
 G = Mean time per level.
                   A        B        C        D        E       F      G
               +--------+--------+--------+--------+--------+-----+--------+
         Total |    694 |    653 |     41 |      0 |      0 |   3 |  231.3 |
       Dungeon |    694 |    653 |     41 |      0 |      0 |   3 |  231.3 |
               +--------+--------+--------+--------+--------+-----+--------+

Top non-repeatable levels by time:
     D:1: 257 daAuts
     D:2: 231 daAuts
     D:3: 205 daAuts
